 Dungeon Crawl Stone Soup version 0.31-a0-23-gcbde74481b (webtiles) character file.

Game seed: 10151612448938728640

119 BlueFish the Sneak (level 4, -4/40 HPs)
             Began as a Draconian Delver on May 14, 2023.
             Splashed by a jelly's acid (9 damage)
             ... on level 4 of the Dungeon.
             The game lasted 00:05:38 (2793 turns).

BlueFish the Sneak (Draconian Delver)               Turns: 2793, Time: 00:05:39

Health: -4/40      AC: -3    Str: 14    XL:     4   Next: 73%
Magic:  4/4        EV: 13    Int: 13    God:
Gold:   151        SH:  0    Dex: 18    Spells: 3/3 levels left

rFire   . . .        m - +1 dagger (venom)
rCold   . . .        (no shield)
rNeg    . . .        (body armour unavailable)
rPois   .            (helmet restricted)
rElec   .            (no cloak)
rCorr   .            (no gloves)
SInv    .            (no boots)
Will    .....        (no amulet)
Stlth   +++          d - +6 ring of dexterity
HPRegen 0.26/turn    (no ring)
MPRegen 0.09/turn

%: no passive effects
@: corroded
A: AC +5, unfitting armour, cold-blooded
a: no special abilities


You were on level 4 of the Dungeon.
You visited 1 branch of the dungeon, and saw 5 of its levels.

You collected 151 gold pieces.

Inventory:

Hand Weapons
 a - a +0 short sword
 m - a +1 dagger of venom (weapon)
Missiles
 o - a throwing net (quivered)
Jewellery
 d - a +6 ring of dexterity (left hand)
Wands
 f - a wand of digging (3)
 u - a wand of paralysis (6)
Scrolls
 b - a scroll of fog
 c - a scroll of magic mapping
 h - a scroll of vulnerability {unknown}
 j - a scroll of acquirement {unknown}
 k - 2 scrolls of enchant weapon {unknown}
 l - a scroll of amnesia {unknown}
 n - 4 scrolls of identify {unknown}
 q - a scroll of blinking {unknown}
 s - 2 scrolls of teleportation {unknown}
 t - a scroll of noise {unknown}
Potions
 e - 3 potions of might {unknown}
 g - 2 potions of attraction {unknown}
 i - 2 potions of heal wounds {unknown}
 p - a potion of curing {unknown}
 r - 3 potions of mutation {unknown}


   Skills:
 + Level 4.1 Fighting
 + Level 3.0 Short Blades
 + Level 2.7 Dodging
 + Level 5.1 Stealth


You had 3 spell levels left.
You didn't know any spells.
Your spell library contained the following spells:

 Spells                   Type           Power      Damage    Failure   Level
 Scorch                   Fire           0%         2d5       43%         2
 Stone Arrow              Conj/Erth      0%         3d7       67%         3
 Flame Wave               Conj/Fire      0%         2d4       97%         4
 Summon Cactus Giant      Summ           0%         N/A       100%        6
 Lehudib's Crystal Spear  Conj/Erth      0%         10d2      100%        8
 Animate Armour           Summ/Erth      Unusable   N/A       N/A         4

Dungeon Overview and Level Annotations

Branches:
Dungeon (5/15)
 Temple: D:4-7

Altars:
Dithmenos

Shops:
D:4 :

Annotations:
D:4 Robin


Innate Abilities, Weirdness & Mutations

Your plain brown scales are hard. (AC +5)
You cannot fit into any form of body armour.
You are cold-blooded and may be slowed by cold attacks.


Message History

You hit the orc.
You kill the orc!
u - a wand of paralysis (6)
Items here: )) [ ††.
A jackal and a jelly come into view.
A jackal comes into view.
Found 6 boomerangs.
The jackal barks!
The jelly quivers.
You hear a bark! x2
A jackal comes into view.
You hit the jackal but do no damage.
The jackal is poisoned.
The jackal bites you. x2
You hit the jackal but do no damage.
The jackal looks even sicker.
The jackal bites you but does no damage.
The jackal barks!
You hit the jackal.
You kill the jackal!
You hear a bark!
You hit the jelly.
Your hands burn!
You tail-slap the jelly.
The jelly is lightly wounded.
The jelly misses you.
You hit the jelly.
Your hands burn!
The jelly is moderately wounded.
The jelly hits you. The acid corrodes you!
You are splashed with acid!
You hit the jelly but do no damage.
Your hands burn!
The jelly is moderately wounded.
The jelly misses you.
A jackal comes into view.
You hit the jelly but do no damage.
Your hands burn!
You tail-slap the jelly.
The jelly is heavily wounded.
The jelly hits you. The acid corrodes you!
You are splashed with acid!
* * * LOW HITPOINT WARNING * * *
You hit the jelly but do no damage.
Your hands burn!
* * * LOW HITPOINT WARNING * * *
The jelly is heavily wounded.
The jelly hits you.
* * * LOW HITPOINT WARNING * * *
You are splashed with acid!
You die...

## ##.#.. ...##.#.###
##........# #......<#.#
...#.....#.#
###.#......)#.###
....##..........# #
.|.........####.###..#.#
###.#...##. #.@Jhhh..(
........... #####..#.#
#...#...#.. ..# .##.....
# ##.#


You could see a jelly and 3 jackals.

Vanquished Creatures
  Ijyb (D:4)
  3 adders
  A worm (D:3)
  A dart slug (D:2)
  2 orcs
  4 endoplasms
  7 hobgoblins
  5 jackals
  5 quokkas
  6 ball pythons
  6 bats
  10 goblins
  4 kobolds
  A rat (D:3)
56 creatures vanquished.

Notes
Turn   | Place    | Note
-------+----------+-------------------------------------------
     0 | D:5      | BlueFish the Draconian Delver began the quest for the Orb.
     0 | D:5      | Reached XP level 1. HP: 19/19 MP: 1/1
    17 | D:5      | Noticed a phantom
    78 | D:5      | Noticed a black bear
   126 | D:4      | Found Ilaal's Book Emporium.
   166 | D:4      | Identified the +0 helmet "Raur" {rF- Dex+6 SInv}
   166 | D:4      | Noticed Robin
   369 | D:3      | Reached XP level 2. HP: 23/26 MP: 2/2
  1323 | D:2      | Found a shadowy altar of Dithmenos.
  1337 | D:2      | Reached XP level 3. HP: 31/31 MP: 3/3
  2001 | D:3      | Reached skill level 5 in Stealth
  2001 | D:3      | Reached XP level 4. HP: 14/40 MP: 4/4
  2674 | D:4      | Noticed Ijyb
  2678 | D:4      | Paralysed by Ijyb for 5 turns
  2688 | D:4      | Killed Ijyb
  2793 | D:4      | Splashed by a jelly's acid

Illustrated notes

Levels and vault maps discovered:
D:1:      heliophobic_arrival_henge, layout_basic
D:2:      layout_loops_ring, basic_altar, chequers_serial_rivers_micro_a
D:3:      layout_loops_ring
D:4:      layout_loops_ring, temple_hall, serial_shops, shop, uniq_robin,
          uniq_natasha, uniq_ijyb
D:5:      layout_basic

Skill      XL: |  1  2  3  4 |
---------------+-------------+-----
Dodging        | 2 |  2.7
Stealth        | 5 |  5.1
Fighting       | 4 |  4.1
Short Blades   | 3 |  3.0

Action                     |  1- 3 |  4- 6 || total
---------------------------+-------+-------++-------
  Melee: Short sword       |    56 |       ||    56
         Tailslap          |    14 |     7 ||    21
         Dagger            |    78 |    39 ||   117
         Punch             |     1 |       ||     1
    Use: Scroll            |     1 |       ||     1
         Potion            |     1 |       ||     1
   Stab: Sleeping          |     6 |     4 ||    10
         Distracted        |     1 |       ||     1
 Armour: Skin              |    37 |    14 ||    51
  Dodge: Dodged            |    67 |    23 ||    90

Table legend: (Time is in decaauts)
 A = Elapsed time spent in this place.
 B = Non-inter-level travel time spent in this place.
 C = Inter-level travel time spent in this place.
 D = Time resting spent in this place.
 E = Time spent auto-exploring this place.
 F = Levels seen in this place.
 G = Mean time per level.
                   A        B        C        D        E       F      G
               +--------+--------+--------+--------+--------+-----+--------+
         Total |   2752 |   2664 |     88 |    308 |   1683 |   5 |  550.4 |
       Dungeon |   2752 |   2664 |     88 |    308 |   1683 |   5 |  550.4 |
               +--------+--------+--------+--------+--------+-----+--------+

Top non-repeatable levels by time:
     D:3: 954 daAuts
     D:1: 820 daAuts
     D:2: 723 daAuts
     D:4: 147 daAuts
     D:5: 106 daAuts
